 Dungeon Crawl Stone Soup version 0.30-a0-39-g42789b21ef (webtiles) character file.

Game seed: 17199545131810917961

21667 nucleargodhead the Brawler (level 12, -1/133 HPs)
             Began as a Troll Berserker on Aug 28, 2022.
             Was a High Priest of Trog.
             Slain by a polar bear (18 damage)
             ... on level 3 of the Lair of Beasts.
             The game lasted 00:15:26 (10263 turns).

nucleargodhead the Brawler (Troll Berserker)       Turns: 10263, Time: 00:15:35

Health: -1/133     AC: 11    Str: 32    XL:     12   Next: 56%
Magic:  11/11      EV:  9    Int:  3    God:    Trog [*****.]
Gold:   735        SH:  0    Dex:  9    Spells: 11/11 levels left

rFire   + . .      SeeInvis .      - Unarmed
rCold   . . .      Faith    .    (no shield)
rNeg    . . .      Spirit   .    L - +1 acid dragon scales
rPois   .          Reflect  .    (helmet restricted)
rElec   .          Harm     .    E - +1 cloak
rCorr   +          Rampage  .    (gloves unavailable)
Will    +++..                    (boots unavailable)
Stlth   +.........               o - amulet of regeneration
HPRegen 2.92/turn                N - ring of protection from fire
MPRegen 0.12/turn                s - ring of willpower

@: marked, strong-willed, on berserk cooldown, regenerating, slowed, very slow
A: large, unfitting armour, claws 3, regeneration 1, shaggy fur 1, tough skin 1
a: Renounce Religion, Berserk, Trog's Hand, Brothers in Arms


You were on level 3 of the Lair of Beasts.
You worshipped Trog.
Trog was extremely pleased with you.
You visited 2 branches of the dungeon, and saw 12 of its levels.

You collected 735 gold pieces.

Inventory:

Armour
 a - a +0 animal skin
 E - a +1 cloak (worn)
 L - +1 acid dragon scales (worn)
 S - a +0 kite shield of protection
Jewellery
 o - an amulet of regeneration (around neck)
 s - a ring of willpower (right claw)
 v - a ring of fire
 G - an amulet of faith
 H - a ring of willpower
 J - an amulet of the acrobat
 M - a +6 ring of dexterity
 N - a ring of protection from fire (left claw)
Wands
 w - a wand of flame (52)
 z - a wand of acid (18)
 B - a wand of paralysis (8)
 O - a wand of iceblast (12)
Scrolls
 b - 2 scrolls of butterflies
 c - a scroll of acquirement
 e - 3 scrolls of amnesia
 g - 2 scrolls of silence
 k - a scroll of fear
 p - 3 scrolls of noise
 q - 3 scrolls of summoning
 u - 3 scrolls of teleportation
 y - 3 scrolls of enchant armour
 A - 2 scrolls of immolation
 R - a scroll of poison
Potions
 f - 6 potions of ambrosia {unknown}
 h - 2 potions of magic {unknown}
 i - a potion of resistance {unknown}
 j - 3 potions of berserk rage {unknown}
 m - 4 potions of attraction {unknown}
 n - 6 potions of flight {unknown}
 r - 7 potions of brilliance {unknown}
 x - a potion of might
 C - 7 potions of curing {unknown}
 D - 6 potions of lignification {unknown}
 I - 2 potions of cancellation {unknown}
 K - a potion of heal wounds {unknown}
 P - 2 potions of mutation {unknown}
 Q - 2 potions of degeneration {unknown}


   Skills:
 + Level 12.9 Fighting
 - Level 2.4 Dodging
 + Level 15.1 Unarmed Combat


You had 11 spell levels left.
You didn't know any spells.
Your spell library was empty.

Dungeon Overview and Level Annotations

Branches:
Dungeon (9/15)             Temple (0/1) D:5            Lair (3/5) D:8
  Swamp (0/4) Lair:2
  Snake: Lair:2-3    Spider: Lair:2-3       Orc: D:9-12

Altars:
Ashenzari
Elyvilon
Xom
Yredelemnul
The Shining One


Innate Abilities, Weirdness & Mutations

You are too large for most types of armour.
You have claws for hands.
Your natural rate of healing is unusually fast.
You are covered in fur. (AC +1)
You have tough skin. (AC +1)


Message History

The wolf bites you but does no damage.
Unknown command.
You closely miss the wolf. The wolf barely misses you.
The wolf bites you but does no damage. The wolf bites you. x2
The wolf barely misses you.
You claw the wolf!
The wolf is moderately wounded.
The wolf bites you. x3; The wolf bites you but does no damage.
The wolf misses you. The wolf bites you.
The polar bear rages.
You mangle the wolf!!
You kill the wolf!
Trog accepts your kill. The wolf bites you but does no damage.
The wolf bites you.
The wolf bites you but does no damage. x2; The wolf misses you.
The wolf bites you but does no damage.
A bullfrog comes into view.
You scratch the komodo dragon.
The komodo dragon is lightly wounded.
The wolf bites you!
* * * LOW HITPOINT WARNING * * *
The wolf barely misses you. The wolf closely misses you. The wolf bites you.
* * * LOW HITPOINT WARNING * * *
The komodo dragon bites you!
* * * LOW HITPOINT WARNING * * *
The wolf barely misses you.
A wolf comes into view.
As you read the scroll of fear, it crumbles to dust.
You assume a fearsome visage.
The wolf looks frightened! x5
The polar bear is unaffected.
The bullfrog looks frightened!
The komodo dragon looks frightened!
A wolf comes into view.
Unknown command.
The polar bear attacks as you move away!
The polar bear bites you!
* * * LOW HITPOINT WARNING * * *
The polar bear barely misses you.
The polar bear claws you but does no damage.
The polar bear bites you!!
You die...

#.#..........
##.##.........
#..##.........
##†#.F..#.....
###†.h.........
###h#.hP..P##.#..
#....h.P.###†$##.
##..####...###†# #
#@h.....#..# #†.#
#####†###......# .Y♣#
#...<..##......#.#.♣
#...##h##...#...##.♣h
##. #.....P##.## . .
# ##..#. #### ♣ .
.... .. ....P ......


You could see a polar bear (berserk) and 5 wolves.

Vanquished Creatures
  A centaur warrior (D:9)
  A death yak (D:9)
  2 two-headed ogres (D:9)
  Nergalle (Lair:2)
  A wizard (D:9)
  2 bog bodies (Lair:2)
  An elephant (Lair:1)
  2 black mambas
  7 cane toads
  A rime drake (Lair:3)
  Maggie (D:7)
  3 komodo dragons
  2 burning bushes (Lair:1)
  Grinder (D:3)
  A hornet (D:8)
  2 polar bears (D:9)
  4 wyverns
  10 yaks
  An unseen horror simulacrum (D:9)
  2 steam dragons
  5 large abominations (D:9)
  Edmund (D:5)
  8 water moccasins
  2 black bears
  7 small abominations (D:9)
  2 sky beasts
  6 ice beasts
  2 ogres
  33 wolves
  3 centaurs
  A phantom (D:7)
  3 kobold brigands
  A gnoll sergeant (D:7)
  6 bullfrogs
  A necrophage (D:7)
  4 scorpions
  10 killer bees (D:8)
  2 vampire bats (Lair:2)
  5 electric eels
  5 howler monkeys
  A wyvern simulacrum (D:9)
  7 hounds
  A jelly (D:7)
  3 orc priests (D:9)
  3 gnoll boudas
  Natasha (thrice) (D:3)
  Terence (D:2)
  2 iguanas
  5 orc wizards
  12 hell rats (Lair:2)
  A centaur simulacrum (D:9)
  35 gnolls
  6 adders
  6 white imps
  3 howler monkey simulacra (D:9)
  2 ufetubi (D:9)
  2 worms
  A dart slug (D:1)
  29 orcs
  5 ball pythons
  12 endoplasms
  3 goblins
  5 hobgoblins
  15 jackals
  7 quokkas
  7 bats
  4 frilled lizards
  13 kobolds
  4 rats
351 creatures vanquished.

Vanquished Creatures (others)
  8 fungi
  19 plants
27 creatures vanquished.

Grand Total: 378 creatures vanquished

Notes
Turn   | Place    | Note
-------+----------+-------------------------------------------
     0 | D:1      | nucleargodhead the Troll Berserker began the quest for the
                  | Orb.
     0 | D:1      | Reached XP level 1. HP: 22/22 MP: 0/0
    35 | D:1      | Reached XP level 2. HP: 29/29 MP: 1/1
   245 | D:1      | Reached ** piety under Trog
   474 | D:1      | Reached XP level 3. HP: 37/37 MP: 2/2
  1190 | D:2      | Found a broken altar of Ashenzari.
  1333 | D:2      | Noticed Terence
  1340 | D:2      | Killed Terence
  1341 | D:2      | Reached skill level 4 in Unarmed Combat
  1341 | D:2      | Reached XP level 4. HP: 35/45 MP: 3/3
  1726 | D:3      | Noticed Grinder
  1743 | D:3      | Killed Grinder
  1744 | D:3      | Reached skill level 5 in Unarmed Combat
  1744 | D:3      | Reached XP level 5. HP: 53/55 MP: 4/4
  1744 | D:3      | Reached XP level 6. HP: 60/63 MP: 5/5
  1914 | D:3      | Found a faded altar of an unknown god.
  1940 | D:3      | Reached *** piety under Trog
  1950 | D:3      | Found a glowing golden altar of the Shining One.
  2276 | D:3      | Reached skill level 6 in Unarmed Combat
  2280 | D:3      | Reached skill level 5 in Fighting
  2280 | D:3      | Reached XP level 7. HP: 72/72 MP: 6/6
  2597 | D:3      | Noticed Natasha
  2601 | D:3      | Killed Natasha
  2624 | D:3      | Reached skill level 7 in Unarmed Combat
  2664 | D:3      | Noticed Natasha
  2666 | D:3      | Killed Natasha
  2666 | D:3      | Reached **** piety under Trog
  2769 | D:3      | Noticed Natasha
  2781 | D:3      | Killed Natasha
  2860 | D:4      | Found a basalt altar of Yredelemnul.
  3257 | D:4      | Reached XP level 8. HP: 71/83 MP: 7/7
  3892 | D:4      | Found a white marble altar of Elyvilon.
  3934 | D:5      | Entered Level 5 of the Dungeon
  4189 | D:5      | Found a staircase to the Ecumenical Temple.
  4236 | D:5      | Reached skill level 8 in Unarmed Combat
  4274 | D:5      | Noticed Edmund
  4290 | D:5      | Killed Edmund
  4718 | D:6      | Reached XP level 9. HP: 83/93 MP: 8/8
  4759 | D:6      | Reached skill level 9 in Unarmed Combat
  5146 | D:7      | Identified the +10 flail of Faig Sokk {spect, rF+ rC++
                  | Int-3}
  5526 | D:7      | Noticed Maggie
  5532 | D:7      | Killed Maggie
  5653 | D:7      | Reached skill level 10 in Unarmed Combat
  6250 | D:8      | Paralysed by a hornet for 1 turns
  6325 | D:8      | Found a staircase to the Lair.
  6471 | D:8      | Reached XP level 10. HP: 102/107 MP: 9/9
  6490 | D:8      | Found a shimmering altar of Xom.
  6717 | D:8      | Reached ***** piety under Trog
  7025 | D:9      | Reached skill level 11 in Unarmed Combat
  7040 | D:9      | Noticed a death yak
  7050 | D:9      | Killed a death yak
  7346 | D:9      | Noticed a two-headed ogre
  7357 | D:9      | Killed a two-headed ogre
  7358 | D:9      | Reached skill level 10 in Fighting
  7453 | D:9      | Noticed a two-headed ogre
  7454 | D:9      | Noticed a centaur warrior
  7460 | D:9      | Killed a two-headed ogre
  7461 | D:9      | Reached skill level 12 in Unarmed Combat
  7466 | D:9      | Killed a centaur warrior
  7521 | D:9      | Reached XP level 11. HP: 95/119 MP: 10/10
  7791 | D:9      | Noticed a wizard
  7800 | D:9      | Killed a wizard
  7898 | D:9      | Identified the +7 arbalest "Sarcophage" {flame, Fragile
                  | rCorr MP-9 Dex+5}
  8241 | Lair:1   | Entered Level 1 of the Lair of Beasts
  8267 | Lair:1   | Reached skill level 13 in Unarmed Combat
  9307 | Lair:2   | Reached skill level 14 in Unarmed Combat
  9393 | Lair:2   | Noticed a bog body
  9394 | Lair:2   | Noticed a bog body
  9411 | Lair:2   | Killed a bog body
  9412 | Lair:2   | Killed a bog body
  9413 | Lair:2   | Reached XP level 12. HP: 132/132 MP: 11/11
  9590 | Lair:2   | Received a gift from Trog
  9623 | Lair:2   | Noticed Nergalle
  9630 | Lair:2   | Killed Nergalle
  9822 | Lair:2   | Found a staircase to the Swamp.
  9868 | Lair:2   | Identified the +8 sling of the Whale {venom, rElec Int+2}
 10123 | Lair:3   | Identified a scroll of acquirement
 10210 | Lair:3   | Reached skill level 15 in Unarmed Combat
 10247 | Lair:3   | Noticed a catoblepas
 10263 | Lair:3   | Slain by a polar bear

Illustrated notes

Levels and vault maps discovered:
D:1:      dpeg_arrival_round_c, layout_basic, serial_rivers,
          chequers_serial_rivers_micro_a, chequers_serial_rivers_room_b,
          chequers_serial_rivers_micro_d, chequers_serial_rivers_small_3,
          chequers_serial_rivers_micro_e, minmay_distorted
D:2:      layout_loops_cross, basic_altar, minmay_unequal, uniq_terence
D:3:      lemuel_castle_with_subvaults [lemuel_castle_interior_carwin_1],
          layout_basic, tso_metal_star,
          dreamdust_ecumenical_altar_angels_and_demons, uniq_grinder,
          uniq_natasha
D:4:      layout_layer_cave, kennysheep_ying_yang,
          chequers_serial_rivers_micro_b
D:5:      layout_rooms, minmay_temple_entry_arrows, uniq_edmund
D:6:      layout_basic
D:7:      layout_layer_cave, uniq_maggie
D:8:      layout_loops_ring, lemuel_coloured_pillars_altar, dpeg_oklobed_lair
D:9:      layout_basic, serial_ice, serial_ice_f, serial_ice_a, serial_ice_b,
          serial_ice_j, serial_ice_c, serial_ice_o, nicolae_wand_duel,
          laboratory
Lair:1:   layout_small_grid, evilmike_ambush [evilmike_ambush_outer_basic,
          evilmike_ambush_inner_cross], infiniplex_staircase_pool
Lair:2:   layout_big_grid, nicolae_swamp_entry_splash_gauntlet, roderic_batcave,
          cheibrodos_lair_reptile_den, serial_bayou_shore_a, uniq_nergalle
Lair:3:   layout_loops_ring, dummy_snake_entry,
          portal_ice_cave_entry_ice_simulacra, grunt_forest_large_clearings,
          grunt_megastairs_5

Skill      XL: |  1  2  3  4  5  6  7  8  9 10 11 12 |
---------------+-------------------------------------+-----
Fighting       | 3 4 5 6 7 9 10 12 | 12.9
Unarmed Combat | 4 5 6 7 8 10 12 14 15 | 15.1
Dodging        | |  2.4

Action                   |  1- 3 |  4- 6 |  7- 9 | 10-12 || total
-------------------------+-------+-------+-------+-------++-------
Melee: Unarmed           |    75 |   113 |   334 |   450 ||   972
       Punch             |     2 |     3 |     7 |    25 ||    37
Invok: Berserk           |       |     2 |     5 |     7 ||    14
       Trog's Hand       |       |     1 |     1 |     7 ||     9
Evoke: Wand              |       |       |       |     3 ||     3
  Use: Scroll            |       |       |       |    16 ||    16
 Stab: Sleeping          |     1 |       |       |       ||     1
Armor: Animal skin       |    16 |    28 |    54 |       ||    98
       Acid dragon scale |       |       |    24 |   202 ||   226
Dodge: Dodged            |    24 |    45 |   156 |   221 ||   446

Table legend: (Time is in decaauts)
 A = Elapsed time spent in this place.
 B = Non-inter-level travel time spent in this place.
 C = Inter-level travel time spent in this place.
 D = Time resting spent in this place.
 E = Time spent auto-exploring this place.
 F = Levels seen in this place.
 G = Mean time per level.
                   A        B        C        D        E       F      G
               +--------+--------+--------+--------+--------+-----+--------+
         Total |  10238 |   9955 |    283 |    668 |   7440 |  12 |  853.2 |
       Dungeon |   8231 |   7990 |    241 |    286 |   6299 |   9 |  914.6 |
          Lair |   2007 |   1966 |     41 |    382 |   1140 |   3 |  669.0 |
               +--------+--------+--------+--------+--------+-----+--------+

Top non-repeatable levels by time:
     D:9: 1178 daAuts
     D:3: 1168 daAuts
     D:7: 1110 daAuts
     D:4: 1105 daAuts
     D:1: 1085 daAuts
  Lair:2: 968 daAuts
  Lair:1: 919 daAuts
     D:8: 801 daAuts
     D:5: 656 daAuts
     D:2: 607 daAuts
     D:6: 518 daAuts
  Lair:3: 118 daAuts
